 Dungeon Crawl Stone Soup version 0.30.1 (webtiles) character file.

Game seed: 12730619706274128489

1248 Peloso the Slasher (level 8, -1/65 (70) HPs)
             Began as a Minotaur Fighter on July 2, 2023.
             Was a Follower of Okawaru.
             Slain by a wight
             ... wielding a +2 halberd
              (8 damage)
             ... on level 6 of the Dungeon.
             The game lasted 00:09:46 (4634 turns).

Peloso the Slasher (Minotaur Fighter)               Turns: 4634, Time: 00:09:46

HP:   -1/65 (70)    AC: 12    Str: 21    XL:     8   Next: 26%
MP:   0/16          EV:  9    Int:  5    God:    Okawaru [*.....]
Gold: 398           SH:  5    Dex: 12    Spells: 7/7 levels left

rFire   + . .        a - +0 long sword
rCold   . . .        c - +0 buckler
rNeg    . . .        w - +1 chain mail of Apathy {rF+ rCorr MP+9}
rPois   .            (helmet restricted)
rElec   .            (no cloak)
rCorr   +            u - +0 pair of gloves
SInv    .            (no boots)
Will    .....        o - amulet of guardian spirit Stlth
                     (no ring)
HPRegen 0.30/turn    (no ring)
MPRegen 0.15/turn

%: guardian spirit
@: drained
A: horns 2, retaliatory headbutt
a: Renounce Religion, Heroism


You were on level 6 of the Dungeon.
You worshipped Okawaru.
Okawaru was aware of your devotion.
You visited 2 branches of the dungeon, and saw 7 of its levels.
You also visited: Sewer.

You collected 398 gold pieces.

Inventory:

Hand Weapons
 a - a +0 long sword (weapon)
Armour
 b - a +1 scale mail
 c - a +0 buckler (worn)
 u - a +0 pair of gloves (worn)
 w - the +1 chain mail of Apathy (worn) {rF+ rCorr MP+9}
   (You found it on level 4 of the Dungeon)

   rF:        It protects you from fire.
   MP:        It affects your magic capacity (+9).
   rCorr:     It protects you from acid and corrosion.
Jewellery
 o - an amulet of guardian spirit (around neck)
 p - a ring of magical power
Wands
 r - a wand of mindburst (20)
 v - a wand of polymorph (6)
 x - a wand of charming (1)
 F - a wand of digging (8)
Scrolls
 e - 3 scrolls of enchant weapon
 g - a scroll of immolation
 i - a scroll of poison
 j - 2 scrolls of summoning
 k - 2 scrolls of enchant armour
 n - 3 scrolls of teleportation
 s - 2 scrolls of torment {unknown}
 t - a scroll of silence {unknown}
 y - a scroll of fog {unknown}
 D - 2 scrolls of noise
 E - a scroll of brand weapon {unknown}
 G - a scroll of magic mapping
 H - a scroll of vulnerability {unknown}
 I - a scroll of identify
Potions
 d - a potion of might
 f - 4 potions of flight
 h - 4 potions of curing
 l - 2 potions of heal wounds
 m - 2 potions of mutation
 q - a potion of resistance {unknown}
 z - a potion of attraction {unknown}
 A - a potion of degeneration {unknown}
 B - a potion of haste
 C - a potion of brilliance {unknown}


   Skills:
 + Level 6.0 Fighting
 + Level 7.6 Long Blades
 + Level 6.8 Armour
 + Level 2.8 Dodging
 + Level 0.7 Stealth
 + Level 5.6 Shields


You had 7 spell levels left.
You didn't know any spells.
Your spell library contained the following spells:

 Spells                   Type           Power      Damage    Failure   Level
 Beastly Appendage        Tmut           0%         N/A       98%         1
 Sandblast                Erth           0%         2d4       98%         1
 Passwall                 Tmut/Erth      0%         N/A       99%         2
 Wereblood                Tmut           0%         N/A       99%         2
 Spider Form              Tmut/Pois      0%         N/A       100%        3
 Stone Arrow              Conj/Erth      0%         3d7       100%        3


Dungeon Overview and Level Annotations

Branches:
Dungeon (6/15)             Temple (1/1) D:5           Sewer (visited)

Altars:
Elyvilon
Kikubaaqudgha
Okawaru
Qazlal
Vehumet
Wu Jian
Xom


Innate Abilities, Weirdness & Mutations

You have a pair of horns on your head.
You reflexively headbutt those who attack you in melee.


Message History

The wight hits you with a +1 great sword.
The wight hits you but does no damage.
You barely miss the wight. Your headbutt misses the wight.
The wight is severely damaged.
The wight hits you with a +1 great sword!
You feel drained. The wight hits you with a +2 halberd.
You feel drained.
Unknown command.
You closely miss the wight. Your headbutt misses the wight.
The wight is severely damaged.
The wight hits you with a +1 great sword!
* * * LOW HITPOINT WARNING * * *
The wight hits you with a +2 halberd.
* * * LOW HITPOINT WARNING * * *
Unknown command.
There are monsters nearby!
You hit the wight.
The wight is almost destroyed.
The wight hits you but does no damage. The wight barely misses you.
Unknown command.
You hit the wight but do no damage.
The wight is almost destroyed.
The wight hits you but does no damage. The wight hits you with a +2 halberd.
* * * LOW HITPOINT WARNING * * *
You feel drained.
Unknown command.
You closely miss the wight. Your headbutt misses the wight.
The wight is almost destroyed.
The wight hits you with a +1 great sword!
* * * LOW HITPOINT WARNING * * *
The wight barely misses you. You furiously retaliate!
You headbutt the wight!
Unknown command.
You feel much better. You block the wight's attack.
The wight hits you with a +2 halberd!
* * * LOW HITPOINT WARNING * * *
You hit the wight but do no damage.
The wight is almost destroyed.
The wight hits you with a +1 great sword!
* * * LOW HITPOINT WARNING * * *
The wight hits you with a +2 halberd!
You die... ~..~. ## #.. .~~~ .##.#### #.# ~~~ .>..... ..# bbb

#...######..# ####
#...........#
##..######....####...#
#...##..............#
.....#.###.#...##z..###
#...##.# #.#...)@z....#
##.###.###....####....#
............... ...#
##.########..### ..#
#.# #... .# #.# #.### #
#.# .. #.# #.#
##.#######


You could see 2 wights.

Vanquished Creatures
  A water moccasin (D:5)
  A black bear (D:4)
  A centaur (D:5)
  3 phantoms
  A kobold brigand (D:4)
  A bullfrog (D:6)
  A scorpion (D:4)
  A wight (D:6)
  3 howler monkeys
  2 hounds (D:4)
  Ijyb (D:5)
  2 iguanas (D:4)
  A sickly merfolk siren (Sewer)
  A malarious merfolk avatar (Sewer)
  8 adders
  4 river rats
  A white imp (D:5)
  An ufetubus (D:6)
  A worm (D:2)
  5 dart slugs
  2 orcs
  6 endoplasms
  5 giant cockroaches
  7 goblins
  8 hobgoblins
  5 jackals
  7 kobolds
  3 quokkas
  11 ball pythons
  14 bats
  5 frilled lizards
  24 rats
137 creatures vanquished.

Notes
Turn   | Place    | Note
-------+----------+-------------------------------------------
     0 | D:1      | Peloso the Minotaur Fighter began the quest for the Orb.
     0 | D:1      | Reached XP level 1. HP: 19/19 MP: 0/0
    85 | D:1      | Reached XP level 2. HP: 19/27 MP: 1/1
   792 | D:2      | Reached XP level 3. HP: 20/33 MP: 2/2
   806 | D:2      | Reached skill level 3 in Long Blades
  1350 | D:3      | Found a glowing drain.
  1361 | D:3      | Reached XP level 4. HP: 35/40 MP: 3/3
  1417 | Sewer    | Entered a sewer
  1603 | Sewer    | Reached XP level 5. HP: 44/47 MP: 4/4
  1737 | Sewer    | Reached skill level 1 in Dodging
  1759 | Sewer    | Reached skill level 5 in Armour
  2019 | D:3      | Reached skill level 4 in Long Blades
  2491 | D:4      | Identified the +1 chain mail of Apathy {rF+ rCorr MP+9}
  2613 | D:4      | Reached XP level 6. HP: 51/55 MP: 5/5
  2666 | D:4      | Reached skill level 5 in Fighting
  2666 | D:4      | Reached skill level 5 in Long Blades
  2822 | D:4      | Reached XP level 7. HP: 47/61 MP: 6/6
  3044 | D:4      | Reached skill level 5 in Shields
  3080 | D:4      | Reached skill level 6 in Long Blades
  3408 | D:5      | Entered Level 5 of the Dungeon
  3408 | D:5      | Noticed Ijyb
  3430 | D:5      | Killed Ijyb
  3518 | D:5      | Found a staircase to the Ecumenical Temple.
  3588 | Temple   | Entered the Ecumenical Temple
  3596 | Temple   | Became a worshipper of Warmaster Okawaru
  3786 | D:5      | Reached skill level 7 in Long Blades
  3786 | D:5      | Reached XP level 8. HP: 39/70 MP: 7/7
  4619 | D:6      | Reached * piety under Okawaru
  4634 | D:6      | Slain by a wight

Illustrated notes

Levels and vault maps discovered:
D:1:      nagdon_arrival_zigzag_paths, layout_loops_ring
D:2:      layout_rooms
D:3:      layout_basic, portal_sewer_entry_b, roderic_batcave, minivault_5
D:4:      layout_rooms
D:5:      layout_cave_pools, minmay_temple_entry_glassed_door,
          hangedman_decor_points, uniq_ijyb
D:6:      layout_loops_corners, serial_aquarium, aquarium_bridge_straight
          [aquarium_subvault_bridge, aquarium_subvault_balcony,
          aquarium_subvault_bridge, aquarium_subvault_wall],
          aquarium_window_fake, aquarium_window_1, aquarium_window_1,
          aquarium_window_fake, aquarium_view_4, aquarium_pool_1,
          minmay_misc_feat_more_columns
Temple:   eino_temple_lava

Skill      XL: |  1  2  3  4  5  6  7  8 |
---------------+-------------------------+-----
Armour         | 4 5 6 |  6.8
Shields        | 4 5 |  5.6
Long Blades    | 3 4 5 7 |  7.6
Fighting       | 4 5 6 |  6.0
Dodging        | 1 2 |  2.8
Stealth        | |  0.7

Action                     |  1- 3 |  4- 6 |  7- 9 || total
---------------------------+-------+-------+-------++-------
  Melee: Long sword        |   111 |   187 |   112 ||   410
         Headbutt          |    12 |    24 |    17 ||    53
    Use: Potion            |     2 |     2 |     1 ||     5
         Scroll            |     1 |     6 |     2 ||     9
 Armour: Scale mail        |    68 |    72 |       ||   140
         Chain mail        |       |    53 |    59 ||   112
         Skin              |       |       |     6 ||     6
  Dodge: Dodged            |    75 |   121 |    33 ||   229
  Block: Buckler           |    41 |    48 |    27 ||   116
